 Dungeon Crawl Stone Soup version 0.28-a0-514-g0d7ab7f379 (webtiles) character file.

Game seed: 2711498382294692098

7454 Zenkrye the Nimble (level 10, -8/55 HPs)
             Began as a Felid Conjurer on Sept 21, 2021.
             Was an Initiate of Gozag.
             Mangled by a wolf (9 damage)
             ... on level 2 of the Lair of Beasts on Sept 22, 2021.
             The game lasted 01:13:44 (21046 turns).

Zenkrye the Nimble (Felid Conjurer)                Turns: 21046, Time: 01:13:45

Health: -8/55      AC:  2    Str:  3    XL:     10   Next: 94%
Magic:  5/18       EV: 28    Int: 22    God:    Gozag
Gold:   1793       SH:  0    Dex: 20    Spells: 5/19 levels left
                                        Lives:  0   Deaths: 3

rFire   + . .      SeeInvis +     - Unarmed
rCold   . . .      Faith    .   (shield unavailable)
rNeg    . . .      Spirit   .   (armour unavailable)
rPois   .          Reflect  .   (helmet unavailable)
rElec   .          Harm     .   (cloak unavailable)
rCorr   .          Rampage  .   (gloves unavailable)
Will    ++...                   (boots unavailable)
Stlth   ++++......              u - amulet of magic regeneration
HPRegen 0.18/turn               E - ring of willpower
MPRegen 0.41/turn               a - +6 ring of dexterity

@: lethally poisoned (-8 -> -21), about to teleport, quick
A: very small, claws 1, fangs 3, see invisible, speed 1, shaggy fur 2, stealthy
paws, no weapons or thrown items, no armour, multi-lived, clumsy 1, fire
resistance 1, robust 1
a: Renounce Religion, Potion Petition, Call Merchant, Bribe Branch


You were on level 2 of the Lair of Beasts.
You worshipped Gozag.
Gozag was most pleased with you.
You visited 2 branches of the dungeon, and saw 14 of its levels.

You collected 2138 gold pieces.
You spent 300 gold pieces at shops.
You paid 45 gold pieces to Gozag.

Inventory:

Jewellery
 a - a +6 ring of dexterity (right paw)
 c - a ring of ice
 f - a ring of protection from fire
 r - a ring of resist corrosion
 u - an amulet of magic regeneration (around neck)
 x - an amulet of regeneration
 E - a ring of willpower (left paw)
 G - a ring of willpower
Wands
 p - a wand of mindburst (2)
 s - a wand of flame (23)
 y - a wand of iceblast (17) {@v4}
 B - a wand of paralysis (11)
 D - a wand of acid (7) {@v2}
 F - a wand of polymorph (9)
Scrolls
 e - 2 scrolls of fear
 h - 2 scrolls of immolation
 i - 2 scrolls of identify {@r1}
 k - a scroll of torment {unknown}
 l - 2 scrolls of teleportation {@r3}
 m - 2 scrolls of vulnerability {unknown}
 q - a scroll of magic mapping {unknown}
 t - a scroll of acquirement {unknown}
Potions
 b - a potion of might {@q4}
 d - a potion of curing {@q1}
 g - a potion of haste {@q3}
 j - 6 potions of heal wounds {@q2}
 n - a potion of magic
 o - a potion of cancellation
 w - a potion of resistance {unknown}
 z - 2 potions of brilliance
 A - a potion of berserk rage
 C - 2 potions of flight {unknown}
Miscellaneous
 v - a condenser vane


   Skills:
 + Level 9.6 Fighting
 + Level 12.7 Dodging
 + Level 6.4 Stealth
 - Level 4.0 Unarmed Combat
 + Level 5.3 Spellcasting
 + Level 9.2 Conjurations
 - Level 4.0 Hexes
 - Level 4.0 Translocations
 + Level 2.8 Evocations


You had 5 spell levels left.
You knew the following spells:

 Your Spells              Type           Power      Damage    Failure   Level
a - Magic Dart            Conj           100%       1d8       1%          1
b - Searing Ray           Conj           92%        2d7       1%          2
c - Fulminant Prism       Conj/Hex       17%        3d11      6%          4
d - Conjure Flame         Conj/Fire      26%        6-21      4%          3
q - Iskenderun's Mystic   Conj/Tloc      35%        2d8       6%          4

Your spell library contained the following spells:

 Spells                   Type           Power      Damage    Failure   Level
 Dazzling Flash           Conj/Hex       70%        N/A       1%          3
 Slow                     Hex            23%        N/A       3%          2
 Stone Arrow              Conj/Erth      52%        3d10      4%          3
 Confusing Touch          Hex            23%        N/A       6%          3
 Gell's Gravitas          Tloc           11%        N/A       6%          3
 Lesser Beckoning         Tloc           23%        N/A       6%          3
 Teleport Other           Tloc           23%        N/A       6%          3
 Sandblast                Erth           10%        2d5       10%         1
 Sticky Flame             Conj/Fire      26%        2d5       14%         4
 Passwall                 Tmut/Erth      4%         N/A       16%         2
 Cause Fear               Hex            11%        N/A       19%         4
 Ignite Poison            Fire/Tmut/Pois 5%         N/A       30%         3
 Ozocubu's Armour         Ice            5%         N/A       30%         3
 Airstrike                Air            2%         N/A       69%         4
 Metabolic Englaciation   Hex/Ice        7%         N/A       77%         5
 Yara's Violent Unravell  Hex/Tmut       7%         3d5       77%         5
 Blade Hands              Tmut           2%         N/A       95%         5
 Iron Shot                Conj/Erth      13%        9d3       92%         6
 Simulacrum               Ice/Necr       2%         N/A       100%        6
 Animate Armour           Summ/Erth      Unusable   N/A       N/A         4

Dungeon Overview and Level Annotations

Branches:
Dungeon (12/15)            Temple (0/1) D:6            Lair (2/6) D:9
    Orc (0/2) D:11
  Swamp: Lair:2-4    Shoals: Lair:2-4     Snake: Lair:2-4    Spider: Lair:2-4

Altars:
Ashenzari
Cheibriados
Dithmenos
Elyvilon
Gozag
Makhleb
Uskayaw
Vehumet
Wu Jian

Shops:
D:7 ?   D:9 =

Annotations:
D:5 Ijyb
D:7 Dowan, Duvessa, Harold
D:9 Joseph


Innate Abilities, Weirdness & Mutations

You have sharp claws.
You have razor-sharp teeth.
You have supernaturally acute eyesight. (SInv)
You cover ground quickly. (Speed+)
You are covered in thick fur. (AC +2)
Your paws help you pounce on unaware monsters.
You are incapable of wielding weapons or throwing items.
You cannot wear armour.
You gain extra lives every three experience levels.
You are clumsy. (Dex -2)
Your flesh is heat resistant. (rF+)
You are robust. (+10% HP)


Message History

You feel very sick. The black mamba completely misses you.
You feel very sick.
Casting: Fulminant Prism (dangerous; 6% risk of failure)
Confirm with . or Enter, or press ? or * to list all spells.
You erupt in a blast of force!
The mystic blast hits the black mamba.
The black mamba is lightly wounded.
The black mamba is knocked back by the mystic blast.
You feel very sick.
You hear a howl! x2
The black mamba bites you!!
You are lethally poisoned!
The black mamba poisons you!
Casting: Iskenderun's Mystic Blast (dangerous; 6% risk of failure)
Confirm with . or Enter, or press ? or * to list all spells.
You erupt in a blast of force!
The mystic blast hits the black mamba.
The black mamba is lightly wounded.
The black mamba is knocked back by the mystic blast.
* * * LOW HITPOINT WARNING * * *
You feel extremely sick.
You hear a howl!
You feel better.
As you read the scroll of teleportation {@r3}, it crumbles to dust.
You feel strangely unstable. The black mamba bites you!
* * * LOW HITPOINT WARNING * * *
You are lethally poisoned!
The black mamba poisons you! The black mamba completely misses you.
Casting: Iskenderun's Mystic Blast (dangerous; 6% risk of failure)
Confirm with . or Enter, or press ? or * to list all spells.
You erupt in a blast of force!
The mystic blast hits the black mamba!
The black mamba is heavily wounded.
The black mamba is knocked back by the mystic blast.
The black mamba collides with the wolf!
The mystic blast hits the wolf!
The wolf is heavily wounded.
The wolf is knocked back by the mystic blast.
* * * LOW HITPOINT WARNING * * *
You feel very sick. The wolf bites you!
You die...
Your body crumbles into a pile of gold.

#.........## #..........#
#........# ### #........### #.#
#..........# #####. #........###
#P#P.. #.........## ##.....
##.hSh.....####...### #####
##.@.......##...##
##.#.#########..............###
#P.......##..........#........#
#..................#.P........##
#............................#.#
#.............................##
#..............................#
#..............................##
#..............#................#


You could see a black mamba and 2 wolves.

Vanquished Creatures
  A hydra (Lair:1)
  2 two-headed ogres
  A manticore (D:11)
  A cyclops (D:11)
  A cane toad (Lair:1)
  2 unseen horrors
  3 komodo dragons
  2 trolls
  A hornet (D:11)
  A shadow (D:10)
  A wraith (D:11)
  19 yaks
  2 wyverns
  A steam dragon (D:7)
  A water moccasin (D:8)
  2 acid dragons
  7 orc warriors
  A swamp drake (D:11)
  3 sky beasts (D:6)
  An ogre (D:6)
  A wolf (Lair:1)
  4 centaurs
  7 bullfrogs
  4 kobold brigands
  A scorpion (D:6)
  2 wyvern zombies
  13 killer bees
  5 wights (D:8)
  3 howler monkeys
  3 centaur zombies
  A jelly (D:6)
  A gnoll shaman (D:5)
  2 hounds
  5 orc priests
  2 bullfrog skeletons
  5 iguanas
  Terence (D:2)
  9 orc wizards
  A hound skeleton (D:5)
  12 gnolls
  2 howler monkey skeletons (D:6)
  4 adders
  A white imp (D:6)
  3 dart slugs
  26 orcs
  11 endoplasms
  2 giant cockroaches (D:1)
  7 goblins
  6 hobgoblins
  2 jackals (D:2)
  24 kobolds
  3 quokkas
  10 ball pythons
  4 bats
  8 frilled lizards
  3 rats (D:2)
251 creatures vanquished.

Vanquished Creatures (others)
  65 fulminant prisms
  4 fungi (Lair:1)
  5 plants
74 creatures vanquished.

Grand Total: 325 creatures vanquished

Notes
Turn   | Place    | Note
-------+----------+-------------------------------------------
     0 | D:1      | Zenkrye the Felid Conjurer began the quest for the Orb.
     0 | D:1      | Reached XP level 1. HP: 7/7 MP: 4/4
   440 | D:1      | Reached XP level 2. HP: 11/11 MP: 3/6
   501 | D:1      | Got Sif Muna's Handbook of Feathery Malediction
   536 | D:1      | Learned a level 2 spell: Searing Ray
  1380 | D:2      | Noticed Terence
  1560 | D:2      | Reached XP level 3. HP: 14/14 MP: 5/8
  2912 | D:4      | Reached XP level 4. HP: 18/18 MP: 2/9
  2980 | D:4      | Learned a level 4 spell: Iskenderun's Mystic Blast
  3023 | D:4      | Found an opulent altar of Gozag.
  3146 | D:4      | Reached skill level 3 in Dodging
  3146 | D:4      | Reached skill level 1 in Translocations
  3249 | D:4      | Reached skill level 1 in Fighting
  3599 | D:4      | Became a worshipper of Gozag Ym Sagoz the Greedy
  3667 | D:4      | Reached XP level 5. HP: 12/22 MP: 0/10
  4638 | D:5      | Entered Level 5 of the Dungeon
  4644 | D:5      | Reached skill level 5 in Conjurations
  4739 | D:5      | Found a radiant altar of Vehumet.
  4742 | D:5      | Found a white marble altar of Elyvilon.
  4758 | D:5      | Reached skill level 4 in Dodging
  4849 | D:5      | Gained mutation: You are covered in thick fur. (AC +2)
                  | [Felid growth]
  4849 | D:5      | Reached XP level 6. HP: 26/26 MP: 5/11
  5408 | D:5      | Noticed Ijyb
  5730 | D:6      | Found a staircase to the Ecumenical Temple.
  5867 | D:6      | Noticed an orc warrior
  5877 | D:6      | Reached XP level 7. HP: 26/30 MP: 7/13
  6578 | D:6      | Reached skill level 5 in Dodging
  6917 | D:6      | Identified the +9 morningstar of Gozag's Grace {drain,
                  | *Rage Dex-4 Stlth+}
  6943 | D:5      | Slain by a gnoll shaman
  6944 | D:5      | Reached XP level 6. HP: 0/26 MP: 0/12
  7403 | D:6      | Killed a sky beast
  7404 | D:6      | Reached XP level 7. HP: 5/31 MP: 0/14
  8162 | D:7      | Found Qery's Magic Scroll Shoppe.
  8246 | D:7      | Noticed Harold
  8402 | D:7      | Noticed a steam dragon
  8689 | D:7      | Reached skill level 6 in Dodging
  9245 | D:7      | Found a hide-covered altar of Uskayaw.
  9307 | D:7      | Noticed Duvessa
  9307 | D:7      | Noticed Dowan
  9563 | D:8      | Found the +2 hat of the Bear Spirit {Spirit, *Rage rN+
                  | Will++}
  9715 | D:8      | Reached skill level 1 in Unarmed Combat
  9723 | D:8      | Reached XP level 8. HP: 23/36 MP: 2/15
  9936 | D:8      | Noticed a deep elf pyromancer
 10083 | D:6      | Gained mutation: Your flesh is heat resistant. (rF+)
                  | [potion of mutation]
 10083 | D:6      | Gained mutation: You are robust. (+10% HP) [potion of
                  | mutation]
 10083 | D:6      | Gained mutation: You are clumsy. (Dex -2) [potion of
                  | mutation]
 10255 | D:6      | Found a hide-covered altar of Uskayaw.
 10298 | D:6      | Reached skill level 7 in Dodging
 10298 | D:6      | Reached skill level 5 in Spellcasting
 10920 | D:2      | Reached skill level 5 in Fighting
 11013 | D:2      | Killed Terence
 11124 | D:2      | Found a faded altar of an unknown god.
 11355 | D:8      | Reached skill level 5 in Stealth
 11740 | D:8      | Found an ornate altar of the Wu Jian Council.
 11967 | D:8      | Reached XP level 9. HP: 44/44 MP: 8/17
 12149 | D:8      | HP: 1/44 [water moccasin (9)]
 12152 | D:8      | Slain by a water moccasin
 12153 | D:8      | Reached XP level 8. HP: -1/40 MP: 1/16
 12538 | D:8      | Found a burning altar of Makhleb.
 12643 | D:8      | Noticed an unseen horror
 12657 | D:8      | Killed an unseen horror
 12658 | D:8      | Reached skill level 8 in Dodging
 12663 | D:8      | Learned a level 4 spell: Fulminant Prism
 13210 | D:8      | Reached skill level 1 in Hexes
 13977 | D:9      | Noticed a manticore
 14094 | D:8      | Reached XP level 9. HP: 32/45 MP: 12/17
 14380 | D:9      | Noticed a troll
 15317 | D:8      | Learned a level 3 spell: Conjure Flame
 15367 | D:9      | Noticed Joseph
 15399 | D:9      | Reached skill level 9 in Dodging
 15630 | D:9      | Found Otse's Jewellery Emporium.
 15640 | D:9      | Bought an amulet of magic regeneration for 300 gold pieces
 15735 | D:10     | Entered Level 10 of the Dungeon
 16131 | D:10     | Reached skill level 10 in Dodging
 16131 | D:10     | Reached XP level 10. HP: 51/51 MP: 9/18
 16349 | D:10     | Noticed a two-headed ogre
 16367 | D:10     | Killed a two-headed ogre
 16603 | D:10     | Reached skill level 11 in Dodging
 16937 | D:11     | Noticed a cyclops
 16947 | D:11     | Killed a cyclops
 17082 | D:11     | Noticed a manticore
 17083 | D:11     | Noticed a manticore
 17083 | D:11     | You fall into a shaft and drop 1 floor!
 17083 | D:12     | Noticed a manticore
 17086 | D:12     | Found a broken altar of Ashenzari.
 17093 | D:12     | Noticed a two-headed ogre
 17252 | D:12     | HP: 1/53 [barbs]
 17794 | D:11     | Noticed a two-headed ogre
 17804 | D:11     | Killed a two-headed ogre
 18083 | D:11     | Noticed a manticore
 18093 | D:11     | Killed a manticore
 18094 | D:11     | Reached skill level 12 in Dodging
 18279 | D:11     | Reached XP level 11. HP: 58/58 MP: 11/19
 18352 | D:11     | Found a staircase to the Orcish Mines.
 18776 | D:9      | Found a staircase to the Lair.
 19016 | D:9      | Found a shadowy altar of Dithmenos.
 19016 | D:9      | Found a snail-covered altar of Cheibriados.
 19163 | Lair:1   | Entered Level 1 of the Lair of Beasts
 19190 | Lair:1   | Noticed a four-headed hydra
 19450 | Lair:1   | Slain by a four-headed hydra
 19451 | Lair:1   | Reached XP level 10. HP: -2/53 MP: 2/18
 19451 | Lair:1   | Upgraded the game from 0.28-a0-511-gcc94558de3 to
                  | 0.28-a0-514-g0d7ab7f379
 19650 | Lair:1   | Noticed a cane toad
 19661 | Lair:1   | Killed a cane toad
 19787 | Lair:1   | Reached skill level 1 in Evocations
 20162 | Lair:1   | Killed a four-headed hydra
 20543 | Lair:2   | Noticed a cane toad
 20709 | Lair:2   | Noticed a black mamba
 21046 | Lair:2   | HP: 1/55 [poisoned by a black mamba]
 21046 | Lair:2   | Mangled by a wolf

Illustrated notes

Levels and vault maps discovered:
D:1:      minmay_arrival_floating_metal, layout_loops_cross, minivault_23,
          amcnicky_mini_rare_corridor_liquid, minmay_misc_feat_chi,
          nrook_mini_backslash, minmay_shallow_snake_nest
D:2:      minmay_chambers_of_ones, layout_basic,
          shapermc_ecumenical_altar_hornbeckon, uniq_terence
D:3:      layout_rooms
D:4:      layout_loops_ring, mainiacjoe_overflow_concentric_impassable,
          minmay_goblin_kobold_house
D:5:      layout_gridville, mainiacjoe_overflow_large_starburst, uniq_ijyb
D:6:      layout_rooms, minmay_temple_entry_grid, grunt_decor_fettered,
          minmay_ruined_shrine
D:7:      layout_basic, kennysheep_mini_moat, hangedman_decor_push,
          nicolae_stop_n_shop_2, uniq_duvessa, uniq_harold
D:8:      layout_basic, mainiacjoe_overflow_six_doors_small,
          mainiacjoe_overflow_tiny_flanked, serial_curves, eino_curves_02,
          eino_curves_01, palyth_stone_intersect
D:9:      layout_loops_ring, minitemple, lair_entry_dummy, serial_shops,
          shop_statue, hangedman_decor_growths, uniq_joseph
D:10:     layout_basic, st_stairs_14
D:11:     layout_roguey, erik_orc_1
D:12:     layout_basic, ebering_ghost_reflecting_pool,
          nicolae_ashenzari_panopticon
Lair:1:   layout_regular_city
Lair:2:   layout_hall_layers

Skill      XL: |  1  2  3  4  5  6  7  8  9 10 |
---------------+-------------------------------+-----
Conjurations   | 4 5 6 7 8 9 |  9.2
Spellcasting   | 3 4 5 |  5.3
Dodging        | 3 4 6 8 10 12 | 12.7
Translocations | 1 2 3 4 |  4.0
Fighting       | 1 2 4 6 7 9 |  9.6
Stealth        | 3 5 6 |  6.4
Unarmed Combat | 1 4 |  4.0
Hexes          | 2 4 |  4.0
Evocations     | 2 |  2.8

Action                   |  1- 3 |  4- 6 |  7- 9 | 10-12 || total
-------------------------+-------+-------+-------+-------++-------
Melee: Unarmed           |     6 |     8 |    46 |    10 ||    70
       Bite              |       |     1 |     5 |     1 ||     7
       Punch             |       |       |       |     1 ||     1
 Cast: Magic Dart        |    96 |    57 |    13 |    13 ||   179
       Searing Ray       |     7 |    30 |   102 |    47 ||   186
       Iskenderun's Myst |       |     2 |    29 |    28 ||    59
       Fulminant Prism   |       |       |    23 |    42 ||    65
       Conjure Flame     |       |       |    13 |    26 ||    39
Evoke: Wand              |       |       |       |    10 ||    10
  Use: Scroll            |     7 |       |     5 |     1 ||    13
       Potion            |       |       |     7 |     1 ||     8
 Stab: Sleeping          |       |       |     7 |     1 ||     8
       Confused          |       |       |     1 |       ||     1
Armor: Skin              |       |       |    11 |     1 ||    12
Dodge: Dodged            |    10 |    25 |   242 |   102 ||   379

Table legend: (Time is in decaauts)
 A = Elapsed time spent in this place.
 B = Non-inter-level travel time spent in this place.
 C = Inter-level travel time spent in this place.
 D = Time resting spent in this place.
 E = Time spent auto-exploring this place.
 F = Levels seen in this place.
 G = Mean time per level.
                   A        B        C        D        E       F      G
               +--------+--------+--------+--------+--------+-----+--------+
         Total |  19017 |  18058 |    959 |   2881 |  11478 |  14 | 1358.4 |
       Dungeon |  17584 |  16683 |    901 |   2878 |  10546 |  12 | 1465.3 |
          Lair |   1432 |   1374 |     58 |      3 |    932 |   2 |  716.0 |
               +--------+--------+--------+--------+--------+-----+--------+

Top non-repeatable levels by time:
     D:8: 2851 daAuts
     D:4: 2056 daAuts
     D:5: 2049 daAuts
     D:7: 2027 daAuts
     D:6: 1842 daAuts
    D:11: 1632 daAuts
     D:9: 1450 daAuts
     D:1: 1279 daAuts
  Lair:1: 1082 daAuts
     D:2: 1064 daAuts
    D:10: 754 daAuts
     D:3: 436 daAuts
  Lair:2: 350 daAuts
    D:12: 138 daAuts
